 Dungeon Crawl Stone Soup version 0.19.1 (webtiles) character file.

107 Faustar the Slasher (level 5, -9/41 HPs)
             Began as a Formicid Fighter on Dec 23, 2016.
             Mangled by dondy's ghost (10 damage)
             ... on level 3 of the Dungeon.
             The game lasted 00:03:31 (2164 turns).

Faustar the Slasher (Formicid Fighter)              Turns: 2164, Time: 00:03:33

Health: -9/41      AC:  6    Str: 26    XL:     5   Next: 10%
Magic:  5/5        EV:  8    Int:  8    God:
Gold:   111        SH: 11    Dex: 10    Spells: 0 memorised, 4 levels left

rFire  . . .     SeeInvis +     a - +0 long sword
rCold  . . .     Gourm    .     b - +0 scale mail
rNeg   . . .     Faith    .     c - +1 shield
rPois  .         Spirit   .     (helmet unavailable)
rElec  .         Reflect  .     (no cloak)
rCorr  .         Harm     .     (no gloves)
MR     .....                    (no boots)
Stlth  ..........               (no amulet)
                                (no ring)
                                (no ring)

@: mighty
A: permanent stasis, dig shafts and tunnels, four strong arms, antennae 3
a: Dig, Shaft Self


You were on level 3 of the Dungeon.
You were not hungry.

You visited 1 branch of the dungeon, and saw 3 of its levels.

You collected 111 gold pieces.

Inventory:

Hand Weapons
 a - a +0 long sword (weapon)
Armour
 b - a +0 scale mail (worn)
 c - a +1 shield (worn)
Jewellery
 g - a cursed ring of teleportation {unknown}
Scrolls
 e - 3 scrolls of teleportation {unknown}
 h - a scroll of remove curse
 o - a scroll of fog {unknown}
 p - a scroll of fear {unknown}
 r - a scroll of magic mapping {unknown}
 t - a scroll of identify
 w - 2 scrolls of blinking {unknown}
Potions
 i - a potion of cancellation {unknown}
 j - 2 potions of agility
 k - a potion of brilliance
 l - a potion of mutation
 m - a potion of lignification
 n - a potion of flight {unknown}
 s - 2 potions of cure mutation {unknown}
 u - a potion of curing {unknown}
Comestibles
 f - 2 bread rations
 q - a beef jerky
 v - a meat ration


   Skills:
 - Level 3.2 Fighting
 + Level 4.8 Long Blades
 - Level 3.2 Armour
 - Level 3.6 Shields


You had 4 spell levels left.
You didn't know any spells.

Dungeon Overview and Level Annotations

Branches:
Dungeon (3/15)

Altars:

Annotations:
D:3 dondy's ghost, amateur DrBe


Innate Abilities, Weirdness & Mutations

You are under a permanent stasis effect.
You can dig through walls and to a lower floor.
Your four strong arms can wield two-handed weapons with a shield.
You have a pair of large antennae on your head. (SInv)


Message History

You are too injured to fight recklessly!
You are too injured to fight recklessly!
You are too injured to fight recklessly!
You are too injured to fight recklessly!
You are too injured to fight recklessly!
You are too injured to fight recklessly!
You slash dondy's ghost!
Dondy's ghost is heavily damaged.
Dondy's ghost hits you.
* * * LOW HITPOINT WARNING * * *
You feel very mighty all of a sudden. Dondy's ghost hits you.
* * * LOW HITPOINT WARNING * * *
You barely miss dondy's ghost.
Dondy's ghost is heavily damaged.
Dondy's ghost closely misses you.
You riposte.
You slash dondy's ghost!
Dondy's ghost is almost destroyed.
Dondy's ghost yells, "Who would have thought, even in death it is a pleasure to sever!"
Dondy's ghost hits you!
You die...

#..# #......†...
#######..# #..........
#........# #######'#..
#.#####.## #.#.. #.#
#.# #.### ..
#.############.###
###'##>................
#........##########.###
#.....@..# #.#
#.....W..# #.#
###'##'######## #.# #'
#........#####.# .
.#.............# .. .
.#####.####### .. . .#
#.####### .. .#
#........ #........


You could see dondy's ghost.

Vanquished Creatures
  Ijyb (D:2)
  3 adders
  2 worms (D:2)
  2 dart slugs (D:1)
  A leopard gecko (D:3)
  8 bats
  3 goblins
  6 hobgoblins
  A quokka (D:2)
  2 ball pythons
  7 frilled lizards
  2 giant cockroach zombies (D:1)
  2 kobolds
  11 rats
51 creatures vanquished.

Notes
Turn   | Place    | Note
-------+----------+-------------------------------------------
     0 | D:1      | Faustar the Formicid Fighter began the quest for the Orb.
     0 | D:1      | Reached XP level 1. HP: 18/18 MP: 1/1
    79 | D:1      | Reached XP level 2. HP: 22/24 MP: 2/2
   155 | D:1      | Reached skill level 3 in Long Blades
   396 | D:1      | Reached XP level 3. HP: 28/29 MP: 3/3
  1107 | D:2      | Noticed Ijyb
  1121 | D:2      | Killed Ijyb
  1121 | D:2      | Reached skill level 4 in Long Blades
  1121 | D:2      | Reached XP level 4. HP: 35/35 MP: 4/4
  1852 | D:3      | Reached XP level 5. HP: 30/41 MP: 5/5
  2145 | D:3      | Noticed dondy's ghost (amateur DrBe)
  2163 | D:3      | HP: 1/41 [dondy's ghost (3)]
  2164 | D:3      | Mangled by dondy's ghost

Skill      XL: |  1  2  3 |
---------------+----------+-----
Long Blades    | 3 4 |  4.8
Fighting       | |  3.2
Armour         | |  3.2
Shields        | |  3.6

Action                   |  1- 3 |  4- 6 || total
-------------------------+-------+-------++-------
Melee: Long sword        |    94 |   107 ||   201
  Use: Scroll            |    10 |       ||    10
       Potion            |       |     1 ||     1
  Eat: Chunk             |       |     4 ||     4
Armor: Scale mail        |    35 |    47 ||    82
Dodge: Dodged            |    22 |    22 ||    44
Block: Shield            |    44 |    79 ||   123
       Rpst.: Long sword |     4 |    10 ||    14
